 Zot Defence DCSS version 0.15-a0-1403-g2cecdf4 (webtiles) character file.

270 PolkaDot the Slasher (level 6, 0/44 HPs)
             Began as a Vampire Death Knight on June 11, 2014.
             Was a Believer of Yredelemnul.
             Slain by Gifur the big kobold
             ... wielding a +0,+0 short sword
              (5 damage)
             ... in the Realm of Zot (Scenario I: Hall of Zot).
             The game lasted 00:05:41 (453 turns).

PolkaDot the Slasher (Vampire Death Knight)          Turns: 453, Time: 00:05:41

HP   0/44        AC  3     Str 12      XL: 6   Next:  1%
MP   3/8         EV 10     Int 13      God: Yredelemnul [**....]
Gold 0           SH  0     Dex 15      Spells:  0 memorised,  7 levels left

rFire  . . .     SeeInvis +     a - +1 falchion
rCold  . . .     Clarity  .     b - +0 leather armour
rNeg   + . .     rCorr    .     (no shield)
rPois  .         rRot     .     (no helmet)
rElec  .         Spirit   .     (no cloak)
SustAb .         Warding  .     (no gloves)
rMut   .         Stasis   .     (no boots)
Gourm  .                        (no amulet)
MR     .....                    (no ring)
                                (no ring)

@: not resistant to hostile enchantments, very unstealthy
A: bottle blood, fangs 3, see invisible, unbreathing
a: Make oklob sapling, Make arrow trap, Make plant, Remove Curse, Make burning
bush, Make altar, Make grenades, Bat Form, Bottle Blood, Animate Remains, Recall
Undead Slaves, Injury Mirror, Renounce Religion


You were in the Realm of Zot.
You worshipped Yredelemnul.
Yredelemnul was pleased with you.
You were not thirsty.

You visited 1 branch

Inventory:

Hand weapons
 a - a +1,+1 falchion (weapon)
Armour
 b - a +0 leather armour (worn)
Scrolls
 i - a scroll of blinking
Potions
 c - 3 potions of curing
 f - a potion of haste
 g - 2 potions of magic


   Skills:
 - Level 1.7 Fighting
 * Level 6.2 Long Blades
 - Level 0.7 Armour
 - Level 1.1 Dodging
 - Level 1.0 Spellcasting
 - Level 2.4 Invocations


You had 7 spell levels left.
You didn't know any spells.

Dungeon Overview and Level Annotations

Branches:
    Zot (1/1)

Altars:


Innate Abilities, Weirdness & Mutations

You can bottle blood from corpses.
You have razor-sharp teeth.*
You have supernaturally acute eyesight.
You can survive without breathing.*


Message History

Your ball python zombie constricts Gifur.
Unknown command.
You hit Gifur.
Gifur is heavily wounded.
Gifur closely misses you.
Your ball python zombie bites Gifur but does no damage.
Your ball python zombie constricts Gifur.
Your rat zombie bites Gifur but does no damage.
You slash Gifur!
Gifur is almost dead.
Gifur hits you with a short sword.
* * * LOW HITPOINT WARNING * * *
Your ball python zombie bites Gifur but does no damage.
Your ball python zombie constricts Gifur.
Your rat zombie bites Gifur but does no damage.
You hit Gifur.
Gifur is almost dead.
Gifur hits you with a short sword.
You die...
Yredelemnul claims you as an undead slave.

▓▓▓▓▓▓▓▓▓ ▓▓▓▓▓▓▓ .....▓▓▓▓
▓▓▓▓... ........▓▓▓ ▓▓▓......
..........▓▓ ▓▓........
...........▓ ▓▓▓▓▓▓▓▓▓ ▓.........
...........▓▓▓.......▓▓▓.........
...........▓▓.........▓▓.........
...........▓..%ZZ......▓.........
...............K@P))..%).........
...........▓..........)▓.........
...........▓▓.........▓▓.........
...........▓▓▓.......▓▓▓.........
...........# ▓▓▓▓▓▓▓▓▓ #.........
..........## ##........
........### ###...... .....####
####... ########## ########


You could see Gifur the big kobold, a friendly oklob sapling, a friendly ball
python zombie and a friendly rat zombie.

Vanquished Creatures
  A phantom (Zot)
  A worm (Zot)
  An ooze (Zot)
  5 bats (Zot)
  3 ball pythons (Zot)
  2 giant cockroaches (Zot)
  2 giant newts (Zot)
  4 kobolds (Zot)
  2 rats (Zot)
21 creatures vanquished.

Vanquished Creatures (collateral kills)
  An ooze (Zot)
  A ball python (Zot)
  4 bats (Zot)
  A kobold (Zot)
  2 giant newts (Zot)
  4 goblins (Zot)
  A rat (Zot)
14 creatures vanquished.

Vanquished Creatures (others)
  A bat skeleton (Zot)
  5 bat zombies (Zot)
  2 ball python zombies (Zot)
  2 kobold zombies (Zot)
  A rat zombie (Zot)
11 creatures vanquished.

Grand Total: 46 creatures vanquished

Notes
Turn   | Place    | Note
--------------------------------------------------------------
     0 | Zot      | PolkaDot, the Vampire Death Knight, began the quest for the Orb.
     0 | Zot      | Reached XP level 1. HP: 16/16 MP: 1/1
   184 | Zot      | Reached skill level 1 in Spellcasting
   196 | Zot      | Reached XP level 2. HP: 20/22 MP: 3/3
   239 | Zot      | Reached skill level 3 in Long Blades
   248 | Zot      | Reached XP level 3. HP: 19/27 MP: 4/4
   338 | Zot      | Acquired Yredelemnul's second power
   340 | Zot      | Noticed Phogel
   377 | Zot      | Killed Phogel the phantom
   377 | Zot      | Reached skill level 6 in Long Blades
   377 | Zot      | Reached XP level 4. HP: 33/33 MP: 3/5
   377 | Zot      | Reached XP level 5. HP: 38/38 MP: 4/7
   417 | Zot      | Reached XP level 6. HP: 25/44 MP: 5/8
   453 | Zot      | Slain by Gifur the big kobold

Action                   |  1- 3 |  4- 6 || total
-------------------------+-------+-------++-------
Melee: Falchion          |    52 |    17 ||    69
Invok: Animate Remains   |     8 |     5 ||    13
 Abil: Make oklob saplin |     1 |       ||     1
  Use: Potion            |     3 |       ||     3
 Stab: Distracted        |     1 |       ||     1
